 Dungeon Crawl Stone Soup version 0.29.1-13-g9f3cf754e1 (webtiles) character file.

Game seed: 5932976806135918317

18 croobank the Insei (level 2, -1/18 HPs)
             Began as an Octopode Transmuter on Jan 28, 2023.
             Slain by a gnoll
             ... wielding a +0 club
              (6 damage)
             ... on level 1 of the Dungeon.
             The game lasted 00:01:50 (568 turns).

croobank the Insei (Octopode Transmuter)             Turns: 568, Time: 00:01:51

Health: -1/18      AC:  1    Str:  9    XL:     2   Next: 66%
Magic:  3/5        EV: 13    Int: 15    God:
Gold:   26         SH:  0    Dex: 12    Spells: 4/5 levels left

rFire   . . .      SeeInvis .     - Unarmed
rCold   . . .      Faith    .   (no shield)
rNeg    . . .      Spirit   .   (helmet currently unavailable)
rPois   .          Reflect  .   (no amulet)
rElec   .          Harm     .   (no ring)
rCorr   .          Rampage  .   (no ring)
Will    .....                   (no ring)
Stlth   ++........              (no ring)
HPRegen 0.06/turn               (no ring)
MPRegen 0.09/turn               (no ring)
                                (no ring)
                                (no ring)

@: appendages
A: tentacle spike 3, almost no armour, amphibious, 8 rings, camouflage 1,
gelatinous body 1, (nimble swimmer 1), tentacles
a: End Transformation


You were on level 1 of the Dungeon.
One of your tentacles had grown a beastly spike.
You visited 1 branch of the dungeon, and saw 1 of its levels.

You collected 26 gold pieces.

Inventory:

Hand Weapons
 d - a +0 dagger
Scrolls
 b - a scroll of poison {unknown}
 c - a scroll of fog {unknown}
Potions
 a - a potion of lignification


   Skills:
 + Level 1.4 Fighting
 + Level 2.2 Dodging
 + Level 3.1 Unarmed Combat
 + Level 2.2 Spellcasting
 + Level 2.2 Transmutations


You had 4 spell levels left.
You knew the following spells:

 Your Spells              Type           Power      Damage    Failure   Level
a - Beastly Appendage     Tmut           16%        N/A       9%          1

Your spell library contained the following spells:

 Spells                   Type           Power      Damage    Failure   Level
 Wereblood                Tmut           8%         N/A       13%         2
 Spider Form              Tmut/Pois      5%         N/A       38%         3
 Ice Form                 Ice/Tmut       5%         N/A       80%         4


Dungeon Overview and Level Annotations

Branches:
Dungeon (1/15)

Altars:


Innate Abilities, Weirdness & Mutations

One of your tentacles has grown a beastly spike.
You cannot wear most types of armour.
You are amphibious.
You can wear up to eight rings at the same time.
Your skin changes colour to match your surroundings (Stealth+).
Your rubbery body absorbs attacks. (AC +1, EV +1)
((You are camouflaged when in or above water. (Stealth+)))
You have tentacles for arms and can constrict up to eight enemies at once.


Message History

One of your tentacles grows a vicious spike.
There is an open door here.
Your transformation is almost over.
The helpless dart slug fails to defend itself.
You tentacle-slap the dart slug. You grab the dart slug.
You pierce the dart slug, but do no damage.
The dart slug is moderately wounded.
You constrict the dart slug. You tentacle-slap the dart slug.
You kill the dart slug!
You open the door.
Found a chain mail.
There is an open door here.
Your tentacle spike disappears.
You now have 26 gold pieces (gained 12).
A gnoll comes into view. It is wielding a +0 club.
Casting: Beastly Appendage (safe; 9% risk of failure)
Confirm with . or Enter, or press ? or * to list all spells.
One of your tentacles grows a vicious spike.
Casting: Beastly Appendage (safe; 9% risk of failure)
Confirm with . or Enter, or press ? or * to list all spells.
You extend your transformation's duration.
The gnoll hits you with a +0 club.
You closely miss the gnoll. Your grab misses the gnoll.
You tentacle-slap the gnoll, but do no damage.
The gnoll hits you with a +0 club.
You are too injured to fight recklessly!
You are too injured to fight recklessly!
You tentacle-slap the gnoll. You grab the gnoll.
You tentacle-slap the gnoll, but do no damage.
Your squeeze misses the gnoll.
The gnoll is moderately wounded.
You constrict the gnoll, but do no damage.
The gnoll hits you with a +0 club.
* * * LOW HITPOINT WARNING * * *
You tentacle-slap the gnoll.
The gnoll is moderately wounded.
You constrict the gnoll, but do no damage.
The gnoll hits you with a +0 club.
You die...

#########
#.......#
#.#####.# ###
#.# #.#
...#######.###
#@#
#..##........#
#g#
[..##.####.#.#
#.# ....#.#
#.#.# #.#
......# #.. .
..# ......#
###.#####
.....## .#
#...## .#
#'### .#


You could see a gnoll.

Vanquished Creatures
  A dart slug (D:1)
  A ball python (D:1)
  3 endoplasms (D:1)
  A giant cockroach (D:1)
  2 goblins (D:1)
  2 bats (D:1)
  3 kobolds (D:1)
  2 rats (D:1)
15 creatures vanquished.

Notes
Turn   | Place    | Note
-------+----------+-------------------------------------------
     0 | D:1      | croobank the Octopode Transmuter began the quest for the
                  | Orb.
     0 | D:1      | Reached XP level 1. HP: 13/13 MP: 3/3
   176 | D:1      | Reached XP level 2. HP: 18/18 MP: 3/5
   568 | D:1      | Slain by a gnoll

Illustrated notes

Levels and vault maps discovered:
D:1:      minmay_arrival_glassed_features, layout_loops_corners, st_stairs_2,
          chequers_hall_statues_wall_a, minmay_splitting_lines,
          minmay_misc_feat_nine_boxes

Action                   || total
-------------------------++-------
Melee: Unarmed           ||    31
       Constrict         ||    10
       Kick              ||     7
       Tentacles         ||     4
       Punch             ||     5
 Cast: Beastly Appendage ||    15
 Stab: Sleeping          ||     3
Armor: Skin              ||     5
Dodge: Dodged            ||    11
